 Dungeon Crawl Stone Soup version 0.31-a0-1626-g5cb510d322 (webtiles) character file.

Game seed: 14457730740077015886

3775 runemasterragnar the Fighter (level 9, -4/82 HPs)
             Began as a Black Draconian Shapeshifter on Jan 13, 2024.
             Was an Initiate of Gozag.
             Slain by Grum
             ... wielding a +0 spear
              (14 damage)
             ... on level 8 of the Dungeon.
             The game lasted 00:12:12 (9386 turns).

runemasterragnar the Fighter (DrSh)                 Turns: 9386, Time: 00:12:13

Health: -4/82      AC:  7    Str: 21    XL:     9   Next: 95%
Magic:  9/9        EV: 13    Int: 11    God:    Gozag
Gold:   1134       SH:  0    Dex: 10    Spells: 8/8 levels left

rFire   + .          .
                       - Unarmed
rCold   . . .        (no shield)
rNeg    . . .        (body armour unavailable)
rPois   +            (helmet currently unavailable)
rElec   +            (cloak currently unavailable)
rCorr   .            (gloves currently unavailable)
SInv    .            (boots currently unavailable)
Will    .....        (no amulet)
Stlth   +            j - ring of protection from fire
HPRegen 0.33/turn    n - ring of poison resistance
MPRegen 0.11/turn

%: no passive effects
@: short of breath, beast-form
A: beast (slay +3), breathe lightning, AC +7, unfitting armour, electricity
resistance, cold-blooded
a: Breathe Lightning, Begin Untransformation, Renounce Religion, Potion
Petition, Call Merchant, Bribe Branch


You were on level 8 of the Dungeon.
You worshipped Gozag.
Gozag was most pleased with you.
You were a hulking beast.
You visited 1 branch of the dungeon, and saw 8 of its levels.
You also visited: Sewer.

You collected 1196 gold pieces.
You paid 62 gold pieces to Gozag.

Inventory:

Hand Weapons
 p - the +3 sling "Yvulusujiz" {antimagic, rPois Dex+2}
   (You found it on level 4 of the Dungeon)

   Dex+2:     It affects your dexterity (+2).
   rPois:     It protects you from poison
 A - a +0 double sword
Missiles
 k - 10 javelins (quivered)
 r - a silver javelin
 x - 2 throwing nets
Jewellery
 j - a ring of protection from fire (left hand)
 n - a ring of poison resistance (right hand)
Talismans
 b - a beast talisman
 c - a flux talisman
Wands
 m - a wand of flame (15)
Scrolls
 e - 5 scrolls of enchant weapon
 f - a scroll of torment {unknown}
 g - 2 scrolls of identify
 h - 2 scrolls of brand weapon {unknown}
 t - 2 scrolls of enchant armour {unknown}
 v - 2 scrolls of teleportation {unknown}
 w - a scroll of immolation {unknown}
 y - a scroll of poison {unknown}
 z - a scroll of fear
Potions
 d - 2 potions of enlightenment
 i - a potion of magic
 l - a potion of attraction
 o - 2 potions of ambrosia
 q - a potion of degeneration
 s - a potion of might
 u - a potion of curing


   Skills:
 * Level 8.3 Fighting
 + Level 5.6 Dodging
 * Level 8.1 Unarmed Combat
 + Level 4.7 Evocations
 + Level 6.0 Shapeshifting


You had 8 spell levels left.
You didn't know any spells.
Your spell library contained the following spells:

 Spells                   Type           Power      Damage    Failure   Level
 Sting                    Conj/Alch      0%         1d3       34%         1
 Mercury Vapours          Alch/Air       0%         N/A       47%         2
 Ozocubu's Armour         Ice            0%         N/A       71%         3
 Ignite Poison            Fire/Alch      0%         N/A       98%         4
 Olgreb's Toxic Radiance  Alch           0%         N/A       98%         4
 Sticky Flame             Fire/Alch      0%         2d4       98%         4
 Metabolic Englaciation   Hex/Ice        0%         N/A       100%        5
 Sculpt Simulacrum        Ice/Alch       0%         N/A       100%        6
 Ignition                 Fire           0%         3d3       100%        8


Dungeon Overview and Level Annotations

Branches:
Dungeon (8/15)             Temple (0/1) D:4           Sewer (visited)
   Lair: D:8-11

Altars:
Gozag
Kikubaaqudgha
Sif Muna

Shops:
D:1 =   D:4 (

Annotations:
D:7 Maurice
D:8 Grum


Innate Abilities, Weirdness & Mutations

You are a hulking beast.
Your limbs bulge with bestial killing power. (Slay +3)
You can breathe wild blasts of lightning.
Your glossy black scales are hard. (AC +7)
You cannot fit into any form of body armour.
You are resistant to electric shocks. (rElec)
You are cold-blooded and may be slowed by cold attacks.


Message History

Press: ? - help, Shift-Dir - straight line, f - Grum
Aim: Grum, wielding a +0 spear and wearing a +0 animal skin (heavily wounded, 77% to hit)
The puff of flame hits Grum!
Grum is severely wounded.
Grum barely misses you.
Aiming: Throw Flame
Press: ? - help, Shift-Dir - straight line, f/p - Grum
Aim: Grum, wielding a +0 spear and wearing a +0 animal skin (severely wounded, 77% to hit)
The puff of flame misses Grum.
The puff of flame misses the wolf.
Grum hits you with a +0 spear!
* * * LOW HITPOINT WARNING * * *
Okay, then.
Okay, then.
Blink to where?
Press: ? - help, Dir - move target, p - Grum
As you read the scroll of blinking, it crumbles to dust.
Okay, then.
Okay, then.
Grum glances around and shouts, "King!
Here boy!"
Grum barks.
You have got your breath back.
Things that are here:
a +0 short sword; a +0 hand axe Grum stares intently and growls.
You see here a +0 club.
Activating: Breathe Lightning (4% risk of failure)
Press: ? - help, Dir - look around, f - activate You breathe a wild blast of lightning!
The orb of electricity explodes! x3
The orb of electricity engulfs you. You resist.
* * * LOW HITPOINT WARNING * * *
Unknown command.
Unknown command.
Unknown command.
Unknown command.
You see here a +0 hand axe.
Grum is nearby!
Grum attacks as he pursues you!
Grum hits you from afar with a +0 spear!
You die...
Your body crumbles into a pile of gold.

.......###.#.#####.#.#
...........#.....#...#
......##########.#...#
##...## #.#...# #...#
#.#...# ##...# #.#...#
.+...# #.#..## ##...#
##....# .....# #.h...#
#....# #####.#####
.....# #.h)g.# #....#
#)##### #....# #.#
.....# #g# ###### #h#
# #.# # ##.#


You could see Grum.

Vanquished Creatures
  A troll (D:6)
  Sigmund (D:3)
  Eustachio (D:5)
  A steam dragon (D:7)
  2 water moccasins
  2 ice beasts (D:6)
  A black bear (D:5)
  3 ogres (D:5)
  3 wolves (D:8)
  5 phantoms
  3 bullfrogs
  5 scorpions
  4 wights (D:8)
  A howler monkey (D:6)
  3 jellies
  3 bombardier beetles
  5 hounds
  2 orc priests
  3 gnoll boudas
  An iguana (D:6)
  3 sleepcaps
  An orc wizard (D:7)
  A hell rat (Sewer)
  25 gnolls
  5 adders
  6 river rats (Sewer)
  A white imp (D:5)
  2 ufetubi (D:6)
  3 ribbon worms
  23 orcs
  7 bats
  2 endoplasms (D:2)
  2 giant cockroaches (D:2)
  5 goblins
  5 hobgoblins
  3 jackals (D:4)
  3 quokkas
  3 ball pythons
  2 frilled lizards (D:2)
  3 kobolds
  7 rats
162 creatures vanquished.

Notes
Turn   | Place    | Note
-------+----------+-------------------------------------------
     0 | D:1      | runemasterragnar the Draconian Shapeshifter began the quest
                  | for the Orb.
     0 | D:1      | Reached XP level 1. HP: 16/16 MP: 1/1
   206 | D:1      | Found Zeufulat's Jewellery Shoppe.
   903 | D:2      | Reached XP level 2. HP: 23/23 MP: 2/2
  1304 | D:2      | Reached XP level 3. HP: 21/29 MP: 3/3
  1473 | D:2      | You fall into a shaft and drop 1 floor!
  1600 | D:3      | Found a shimmering blue altar of Sif Muna.
  1724 | D:3      | Reached XP level 4. HP: 34/36 MP: 4/4
  2278 | D:3      | Noticed Sigmund
  2504 | D:3      | Killed Sigmund
  2505 | D:3      | Reached XP level 5. HP: 24/45 MP: 5/5
  2537 | D:3      | Reached XP level 6. HP: 26/51 MP: 6/6
  2961 | D:4      | Identified the +3 sling "Yvulusujiz" {antimagic, rPois
                  | Dex+2}
  3086 | D:4      | Found an opulent altar of Gozag.
  3172 | D:4      | Found a staircase to the Ecumenical Temple.
  3187 | D:4      | Reached skill level 1 in Evocations
  3209 | D:4      | Became a worshipper of Gozag Ym Sagoz the Greedy
  3329 | D:4      | Found Loipirah's Firing Range.
  3814 | D:5      | Entered Level 5 of the Dungeon
  3840 | D:5      | Found an ancient bone altar of Kikubaaqudgha.
  3840 | D:5      | Noticed Eustachio
  3866 | D:5      | Your scales start taking on a glossy black colour.
  3866 | D:5      | Reached XP level 7. HP: 30/59 MP: 7/7
  3866 | D:5      | Gained mutation: You are resistant to electric shocks.
                  | (rElec) [Black Draconian growth]
  3972 | D:5      | Reached skill level 5 in Unarmed Combat
  4247 | D:5      | Found a glowing drain.
  4259 | Sewer    | Entered a sewer
  4294 | Sewer    | Reached skill level 5 in Fighting
  4895 | D:5      | Killed Eustachio
  4896 | D:5      | Reached XP level 8. HP: 66/69 MP: 8/8
  5346 | D:5      | Reached skill level 5 in Shapeshifting
  6641 | D:6      | Reached XP level 9. HP: 78/78 MP: 9/9
  7038 | D:6      | Noticed a troll
  7049 | D:6      | HP: 2/79 [troll (4)]
  7493 | D:6      | Killed a troll
  7494 | D:6      | Reached skill level 5 in Dodging
  8574 | D:7      | Noticed Maurice
  9348 | D:8      | Noticed Grum
  9386 | D:8      | Slain by Grum

Illustrated notes

Levels and vault maps discovered:
D:1:      evilmike_arrival_plus, layout_loops_corners, serial_shops, shop
D:2:      layout_loops_corners, grunt_decor_clamped
D:3:      layout_basic, nicolae_sif_muna_condensation, uniq_sigmund
D:4:      layout_rooms, nicolae_gozag_seed_capital, minmay_temple_entry_waves,
          kennysheep_cluttered_room, nicolae_shop_firing_range
D:5:      layout_basic, kiku_gazebo_pond_becter, cheibrodos_sewer_entry_bend,
          minmay_circle_x, uniq_eustachio
D:6:      layout_basic, kennysheep_generic_room_10
D:7:      layout_layer_cave, uniq_maurice
D:8:      layout_basic, uniq_grum

Skill      XL: |  1  2  3  4  5  6  7  8  9 |
---------------+----------------------------+-----
Dodging        | 2 3 4 5 |  5.6
Fighting       | 2 3 4 5 6 8 |  8.3
Unarmed Combat | 4 5 6 8 |  8.1
Shapeshifting  | 4 5 6 |  6.0
Evocations     | 1 2 3 4 |  4.7

Action                     |  1- 3 |  4- 6 |  7- 9 || total
---------------------------+-------+-------+-------++-------
  Melee: Unarmed           |    83 |    98 |   335 ||   516
         Tailslap          |     7 |    11 |    62 ||    80
         Punch             |       |     5 |     9 ||    14
   Fire: Sling             |       |    10 |       ||    10
  Throw: Javelin           |       |     4 |    15 ||    19
Ability: Breathe Lightning |       |       |    20 ||    20
  Evoke: Wand              |       |       |     8 ||     8
    Use: Scroll            |     1 |     7 |     3 ||    11
         Potion            |       |     4 |     2 ||     6
   Stab: Sleeping          |       |       |     1 ||     1
         Distracted        |       |       |     1 ||     1
 Armour: Skin              |    38 |    78 |   251 ||   367
  Dodge: Dodged            |    57 |    58 |   244 ||   359

Table legend: (Time is in decaauts)
 A = Elapsed time spent in this place.
 B = Non-inter-level travel time spent in this place.
 C = Inter-level travel time spent in this place.
 D = Time resting spent in this place.
 E = Time spent auto-exploring this place.
 F = Levels seen in this place.
 G = Mean time per level.
                   A        B        C        D        E       F      G
               +--------+--------+--------+--------+--------+-----+--------+
         Total |   9378 |   9066 |    312 |   1435 |   5998 |   9 | 1042.0 |
       Dungeon |   8852 |   8540 |    312 |   1087 |   5917 |   8 | 1106.5 |
         Sewer |    526 |    526 |      0 |    348 |     80 |   1 |  526.0 |
               +--------+--------+--------+--------+--------+-----+--------+

Top non-repeatable levels by time:
     D:5: 1973 daAuts
     D:2: 1262 daAuts
     D:6: 1254 daAuts
     D:4: 982 daAuts
     D:7: 951 daAuts
     D:1: 880 daAuts
     D:8: 794 daAuts
     D:3: 754 daAuts
   Sewer: 526 daAuts
